Selects Armored Support Battlegroup
Construct Light Support Kompanie
Construct Mechanized Kompanie
Selects Superior Fire Drills
Marder III Tank Destroyer
254 Reconnaissance Tractor
Marder III Tank Destroyer
le.IG 18 Mechanized Group
Selects Flammpanzer III Medium Tank
Flammpanzer III Medium Tank
Construct Panzerarmee Kommand
Walking Stuka Rocket Launcher
254 Reconnaissance Tractor
Selects Stuka Anti-tank Loiter
Pak 38 Anti-tank Gun Team